 Dungeon Crawl Stone Soup version 0.27-a0-1184-ge86db4a01e (webtiles) character file.

Game seed: 15059524972688189212

45 Zonian the Insei (level 3, 0/28 HPs)
             Began as a Gnoll Transmuter on May 18, 2021.
             Slain by an ufetubus (1 damage)
             ... on level 2 of the Dungeon.
             The game lasted 00:02:19 (3205 turns).

Zonian the Insei (Gnoll Transmuter)                 Turns: 3205, Time: 00:02:19

Health: 0/28       AC:  2    Str:  9    XL:     3   Next: 64%
Magic:  8/9        EV: 13    Int: 13    God:
Gold:   69         SH:  0    Dex: 12    Spells: 9/12 levels left

rFire    . . .     SeeInvis .   d - +0 whip
rCold    . . .     Faith    .   (no shield)
rNeg     . . .     Spirit   .   a - +0 robe
rPois    .         Reflect  .   (helmet currently unavailable)
rElec    .         Harm     .   (no cloak)
rCorr    .         Rampage  .   (no gloves)
Will     .....                  (boots currently unavailable)
Stlth    +.........             (no amulet)
HPRegen  0.09/turn              (no ring)
MPRegen  0.11/turn              (no ring)

@: appendages
A: horns 2, talons 2, fangs 1, strong nose, distributed training
a: End Transformation


You were on level 2 of the Dungeon.
You had temporarily grown beastly horns and talons.
You visited 1 branch of the dungeon, and saw 2 of its levels.

You collected 69 gold pieces.

Inventory:

Hand Weapons
 d - a +0 whip (weapon)
Missiles
 c - 46 sling bullets
Armour
 a - a +0 robe (worn)
 b - a +0 leather armour
Scrolls
 g - a scroll of identify {unknown}
Potions
 e - a potion of ambrosia {unknown}
 f - a potion of resistance {unknown}


   Skills:
 + Level 2.6 Fighting
 + Level 0.9 Short Blades
 + Level 0.9 Long Blades
 + Level 0.9 Axes
 + Level 0.9 Maces & Flails
 + Level 0.9 Polearms
 + Level 0.9 Staves
 + Level 0.9 Slings
 + Level 0.9 Bows
 + Level 0.9 Crossbows
 + Level 0.9 Throwing
 + Level 0.9 Armour
 + Level 4.5 Dodging
 + Level 0.9 Stealth
 + Level 0.9 Shields
 + Level 6.5 Unarmed Combat
 + Level 5.0 Spellcasting
 + Level 0.6 Conjurations
 + Level 0.6 Hexes
 + Level 0.6 Summonings
 + Level 0.6 Necromancy
 + Level 0.6 Translocations
 + Level 3.8 Transmutations
 + Level 0.6 Fire Magic
 + Level 0.6 Ice Magic
 + Level 0.6 Air Magic
 + Level 0.6 Earth Magic
 + Level 0.6 Poison Magic
 + Level 1.0 Invocations
 + Level 0.9 Evocations


You had 9 spell levels left.
You knew the following spells:

 Your Spells              Type           Power      Damage    Failure   Level
a - Beastly Appendage     Tmut           26%        N/A       4%          1
b - Wereblood             Tmut           13%        N/A       6%          2

Your spell library contained the following spells:

 Spells                   Type           Power      Damage    Failure   Level
 Spider Form              Tmut/Pois      4%         N/A       22%         3
 Ice Form                 Ice/Tmut       9%         N/A       58%         4
 Hydra Form               Tmut           6%         N/A       73%         5


Dungeon Overview and Level Annotations

Branches:
Dungeon (2/15)

Altars:


Innate Abilities, Weirdness & Mutations

You have temporarily grown beastly horns and talons.
You have very sharp teeth.
Your uncanny sense of smell can sniff out nearby items.
Your experience applies equally to all skills.


Message History

Found a hand axe.
You now have 69 gold pieces (gained 12).
There is a stone staircase leading down here.
An ufetubus comes into view.
Unknown command.
The ufetubus shouts!
The ufetubus misses you. The ufetubus hits you.
You hit the ufetubus but do no damage. The ufetubus barely misses you.
The ufetubus hits you but does no damage.
The ufetubus hits you. x2
You barely miss the ufetubus. The ufetubus barely misses you.
The ufetubus hits you.
You closely miss the ufetubus. The ufetubus hits you. x4
* * * LOW HITPOINT WARNING * * *
Unknown command.
You are too injured to fight recklessly!
Unknown command.
Casting: Beastly Appendage (safe; 4% risk of failure)
Confirm with . or Enter, or press ? or * to list all spells.
You grow a pair of large bovine horns.
Your feet morph into talons.
The ufetubus misses you.
The ufetubus hits you but does no damage.
Unknown command.
Unknown command.
You barely miss the ufetubus. Your kick misses the ufetubus.
The ufetubus hits you but does no damage.
The ufetubus misses you. The ufetubus barely misses you. The ufetubus hits you.
* * * LOW HITPOINT WARNING * * *
Unknown command.
You hit the ufetubus.
The ufetubus is moderately wounded.
The ufetubus hits you.
* * * LOW HITPOINT WARNING * * *
The ufetubus barely misses you.
The ufetubus hits you but does no damage.
The ufetubus barely misses you.
You barely miss the ufetubus.
The ufetubus is moderately wounded.
The ufetubus hits you.
You die...

# .##...# ####### .....
####...... .....
#.......#. #...#
#.##.##.#. #...#
#.##..#.#. #...#
#.###..... #.5.#
#.###...).
#.@.######..<.)....
#.........#........
####...#####..........
................#......
................#......
................##..###.
.#####.............#...#
#...#########.#####
#...# #.# #


You could see an ufetubus.

Vanquished Creatures
  An adder (D:2)
  A worm (D:2)
  2 dart slugs
  2 bats
  4 endoplasms
  2 goblins (D:2)
  2 hobgoblins (D:1)
  4 jackals (D:1)
  4 kobolds
  3 ball pythons (D:1)
  A frilled lizard (D:1)
  A rat (D:1)
27 creatures vanquished.

Notes
Turn   | Place    | Note
-------+----------+-------------------------------------------
     0 | D:1      | Zonian the Gnoll Transmuter began the quest for the Orb.
     0 | D:1      | Reached XP level 1. HP: 17/17 MP: 6/6
   183 | D:1      | Reached XP level 2. HP: 6/23 MP: 7/7
  2057 | D:2      | Reached XP level 3. HP: 27/28 MP: 7/9
  2065 | D:2      | Reached skill level 5 in Spellcasting
  2068 | D:2      | Learned a level 2 spell: Wereblood
  2568 | D:2      | Reached skill level 1 in Invocations
  3204 | D:2      | HP: 1/28 [ufetubus (4)]
  3205 | D:2      | Slain by an ufetubus

Illustrated notes

Levels and vault maps discovered:
D:1:      co_arrival_hexagon_in_a_hexagon, layout_basic
D:2:      layout_loops_cross

Skill      XL: |  1  2  3 |
---------------+----------+-----
Spellcasting   | 5 |  5.0
Invocations    | 1 |  1.0
Fighting       | |  2.6
Short Blades   | |  0.9
Long Blades    | |  0.9
Axes           | |  0.9
Maces & Flails | |  0.9
Polearms       | |  0.9
Staves         | |  0.9
Slings         | |  0.9
Bows           | |  0.9
Crossbows      | |  0.9
Throwing       | |  0.9
Armour         | |  0.9
Dodging        | |  4.5
Stealth        | |  0.9
Shields        | |  0.9
Unarmed Combat | |  6.5
Conjurations   | |  0.6
Hexes          | |  0.6
Summonings     | |  0.6
Necromancy     | |  0.6
Translocations | |  0.6
Transmutations | |  3.8
Fire Magic     | |  0.6
Ice Magic      | |  0.6
Air Magic      | |  0.6
Earth Magic    | |  0.6
Poison Magic   | |  0.6
Evocations     | |  0.9

Action                   || total
-------------------------++-------
Melee: Unarmed           ||    40
       Headbutt          ||     7
       Kick              ||     9
       Whip              ||    62
       Bite              ||     3
       Punch             ||     1
 Cast: Beastly Appendage ||    11
Armor: Robe              ||    20
Dodge: Dodged            ||    73

Table legend: (Time is in decaauts)
 A = Elapsed time spent in this place.
 B = Non-inter-level travel time spent in this place.
 C = Inter-level travel time spent in this place.
 D = Time resting spent in this place.
 E = Time spent auto-exploring this place.
 F = Levels seen in this place.
 G = Mean time per level.
                   A        B        C        D        E       F      G
               +--------+--------+--------+--------+--------+-----+--------+
         Total |   3203 |   3192 |     11 |   1980 |    970 |   2 | 1601.5 |
       Dungeon |   3203 |   3192 |     11 |   1980 |    970 |   2 | 1601.5 |
               +--------+--------+--------+--------+--------+-----+--------+

Top non-repeatable levels by time:
     D:1: 2047 daAuts
     D:2: 1156 daAuts
